 Dungeon Crawl Stone Soup version 0.19.1-1-g22dce08 (webtiles) character file.

74 Joat the Grasshopper (level 4, -1/60 HPs)
             Began as a Naga Warper on Jan 16, 2017.
             Slain by an adder (3 damage)
             ... on level 2 of the Dungeon.
             The game lasted 00:10:02 (1556 turns).

Joat the Grasshopper (Naga Warper)                  Turns: 1556, Time: 00:10:03

Health: -1/60      AC: 22    Str: 13    XL:     4   Next: 30%
Magic:  5/7        EV:  1    Int: 14    God:
Gold:   41         SH:  0    Dex: 11    Spells: 2 memorised, 3 levels left

rFire  . . .     SeeInvis +     a - +0 spear
rCold  . . .     Gourm    .     (armour currently unavailable)
rNeg   + + +     Faith    .     (no shield)
rPois  +         Spirit   .     (helmet currently unavailable)
rElec  .         Reflect  .     (cloak currently unavailable)
rCorr  .         Harm     .     (gloves currently unavailable)
MR     .....     NoTele   +     (no barding)
Stlth  +.........               (no amulet)
                                (no ring)
                                (no ring)

@: lethally poisoned (-1 -> -4), tree-form
A: see invisible, (deformed body), (poison resistance), (slowness 0), slow
metabolism 1, spit poison 1, AC +1
a: Spit Poison


You were on level 2 of the Dungeon.
You were hungry.
You were a tree.
You visited 1 branch of the dungeon, and saw 2 of its levels.

You collected 41 gold pieces.

Inventory:

Hand Weapons
 a - a +0 spear (weapon)
Missiles
 e - 5 tomahawks of dispersal (quivered)
 k - 7 tomahawks
Armour
 b - a +0 leather armour (melded)
Scrolls
 d - a scroll of blinking
 h - a scroll of recharging {unknown}
 j - a scroll of remove curse {unknown}
 m - a scroll of enchant weapon {unknown}
 n - a scroll of immolation {unknown}
Books
 c - a book of Spatial Translocations

   Spells                             Type                      Level
   a - Blink                          Translocation                2
   b - Shroud of Golubria             Charms/Translocation         2
   c - Lesser Beckoning               Translocation                3
   d - Portal Projectile              Translocation                3
   e - Teleport Other                 Translocation                3
   f - Passage of Golubria            Translocation                4
Comestibles
 f - a bread ration
 g - a chunk of flesh
 i - 2 fruits


   Skills:
 + Level 2.4 Fighting
 + Level 2.4 Polearms
 - Level 0.8 Throwing
 - Level 0.7 Armour
 + Level 2.1 Dodging
 + Level 2.6 Spellcasting
 + Level 3.6 Translocations


You had 3 spell levels left.
You knew the following spells:

 Your Spells              Type           Power        Failure   Level  Hunger
a - Teleport Other        Tloc           ##......     17%         3    ###....
b - Blink                 Tloc           N/A          10%         2    ###....


Dungeon Overview and Level Annotations

Branches:
Dungeon (2/15)

Altars:
Kikubaaqudgha


Innate Abilities, Weirdness & Mutations

You cannot wear boots.
((Your serpentine skin is tough. (AC +1)))
You have supernaturally acute eyesight. (SInv)
((Armour fits poorly on your strangely shaped body.))
((Your system is resistant to poisons. (rPois)))
((You cover ground very slowly.))
You have a slow metabolism.
You can spit poison.


Message History

The adder bites you but does no damage. The bat closely misses you.
The adder closely misses you.
You barely miss the adder. The bat barely misses you. The bat hits you.
The adder bites you.
* * * LOW HITPOINT WARNING * * *
You hit the adder but do no damage.
You have got your breath back.
You feel sick. The bat hits you.
* * * LOW HITPOINT WARNING * * *
The bat barely misses you. The adder bites you.
* * * LOW HITPOINT WARNING * * *
You barely miss the adder. The bat barely misses you. The adder bites you.
* * * LOW HITPOINT WARNING * * *
You are more poisoned.
The adder poisons you!
It was a potion of lignification.
You turn into a tree.
Your +0 leather armour melds into your body.
Your roots penetrate the ground.
The bat hits you but does no damage. The adder bites you.
You die...

#.# #.# .# # #.# .# #. #.# .#
##.### #.# .# ## ....# #.# b#
######. #.#.# ###'#######.#
.......
.#.#.###.........#.############..
................♣b..............>
.#.#.###........S#.#.......####..
.#.#.# #.........#.# ... #..
.#.#.###.........#.# . #####.
.......#.........#.# #...#'
.......#.........#.#. #.....
.......###.#######.#'##### #.....
.......#.................###.....
...................##............


You could see an adder and a bat.

Vanquished Creatures
  Natasha (D:2)
  An adder (D:2)
  An ooze (D:2)
  9 bats
  4 giant cockroaches
  8 goblins
  3 hobgoblins
  3 frilled lizards
  2 kobolds
  5 rats
37 creatures vanquished.

Notes
Turn   | Place    | Note
-------+----------+-------------------------------------------
     0 | D:1      | Joat the Naga Warper began the quest for the Orb.
     0 | D:1      | Reached XP level 1. HP: 19/19 MP: 3/3
   402 | D:1      | Reached XP level 2. HP: 26/26 MP: 5/5
   409 | D:1      | Learned a level 2 spell: Blink
   957 | D:2      | Reached XP level 3. HP: 32/32 MP: 6/6
  1118 | D:2      | Found an ancient bone altar of Kikubaaqudgha.
  1314 | D:2      | Noticed Natasha
  1330 | D:2      | Killed Natasha
  1330 | D:2      | Reached XP level 4. HP: 20/40 MP: 7/7
  1345 | D:2      | Learned a level 3 spell: Teleport Other
  1555 | D:2      | HP: 1/40 [adder (3)]
  1556 | D:2      | Slain by an adder

Skill      XL: |  1  2  3 |
---------------+----------+-----
Dodging        | 2 |  2.1
Fighting       | |  2.4
Polearms       | |  2.4
Throwing       | |  0.8
Armour         | |  0.7
Spellcasting   | |  2.6
Translocations | |  3.6

Action                   |  1- 3 |  4- 6 || total
-------------------------+-------+-------++-------
Melee: Spear             |   142 |    32 ||   174
 Cast: Teleport Other    |       |     1 ||     1
 Abil: Spit Poison       |     2 |     3 ||     5
  Use: Potion            |       |     1 ||     1
 Stab: Sleeping          |     1 |       ||     1
  Eat: Chunk             |     1 |       ||     1
Armor: Leather armour    |    27 |    14 ||    41
       Skin              |       |     1 ||     1
Dodge: Dodged            |    49 |    20 ||    69
